 Dungeon Crawl Stone Soup version 0.20-a0-772-g73021bd (webtiles) character file.

40 ErgoProxy the Digger (level 3, -1/19 HPs)
             Began as a Gargoyle Earth Elementalist on Feb 26, 2017.
             Slain by a jackal (2 damage)
             ... on level 2 of the Dungeon.
             The game lasted 00:04:42 (1294 turns).

ErgoProxy the Digger (Gargoyle Earth Elementalist)  Turns: 1294, Time: 00:04:44

Health: -1/19      AC:  5    Str: 11    XL:     3   Next: 50%
Magic:  15/15      EV: 12    Int: 15    God:
Gold:   77         SH:  0    Dex: 11    Spells: 3/6 levels left

rFire    . . .     SeeInvis .   (no weapon)
rCold    . . .     Gourm    .   c - +0 robe
rNeg     + . .     Faith    .   (no shield)
rPois    ∞         Spirit   .   (no helmet)
rElec    +         Reflect  .   (no cloak)
rCorr    .         Harm     .   (no gloves)
MR       .....                  (no boots)
Stlth    ++........             (no amulet)
Regen    0.1/turn               (no ring)
MPRegen  0.2/turn               k - ring of magical power

@: no status effects
A: negative energy resistance 1, electricity resistance, unbreathing,
petrification resistance, rot immunity, AC +3
a: no special abilities


You were on level 2 of the Dungeon.
You were not hungry.

You visited 1 branch of the dungeon, and saw 2 of its levels.

You collected 77 gold pieces.

Inventory:

Armour
 c - a +0 robe (worn)
Jewellery
 k - a ring of magical power (left hand)
Wands
 l - a wand of lightning (4/15)
Scrolls
 a - 2 scrolls of random uselessness {unknown}
 g - a scroll of enchant weapon {unknown}
 h - 2 scrolls of identify {unknown}
 j - a scroll of teleportation {unknown}
Potions
 f - a potion of resistance {unknown}
Books
 e - a book of Geomancy

   Spells                             Type                      Level
   a - Sandblast                      Earth                        1
   b - Passwall                       Transmutation/Earth          2
   c - Stone Arrow                    Conjuration/Earth            3
   d - Petrify                        Transmutation/Earth          4
   e - Lee's Rapid Deconstruction     Earth                        5
Comestibles
 d - 2 bread rations
 i - a meat ration


   Skills:
 - Level 1.5 Dodging
 - Level 2.1 Stealth
 - Level 2.0 Spellcasting
 - Level 0.7 Transmutations
 + Level 5.3 Earth Magic


You had 3 spell levels left.
You knew the following spells:

 Your Spells              Type           Power        Failure   Level  Hunger
a - Sandblast             Erth           ###...       2%          1    #......
b - Passwall              Tmut/Erth      ##........   12%         2    ###....


Dungeon Overview and Level Annotations

Branches:
Dungeon (2/15)

Altars:
The Shining One


Innate Abilities, Weirdness & Mutations

You are resistant to torment.
Your stone body is resilient. (AC +3)
You are immune to poison.
You resist negative energy. (rN+)
You are resistant to electric shocks. (rElec)
You can survive without breathing.
You are immune to petrification.
You are immune to rotting.


Message History

The jackal is heavily wounded.
The jackal bites you.
* * * LOW HITPOINT WARNING * * *
The jackal closely misses you. x2
You hit the jackal.
The jackal is almost dead.
The jackal misses you.
The jackal bites you but does no damage.
You closely miss the jackal.
The jackal is severely wounded.
The jackal bites you but does no damage.
The jackal bites you.
* * * LOW HITPOINT WARNING * * *
You hit the jackal but do no damage.
The jackal is severely wounded.
The jackal bites you.
* * * LOW HITPOINT WARNING * * *
The jackal bites you but does no damage.
The jackal bites you.
You die...

.._.. ##... .....
##.... .....##...
# .##.h### ##
##..#..########
.###.hb#h....h...#
..#..#h#.# #.#
#.#b##.#.# #h#
#.hh##)#.#######@#
...###.#......##h#
#..# #.####.####.#
#### #.........(.#
# ######.###### #
#.# # #.# # #÷# #
#.#


You could see 2 jackals.

Vanquished Creatures
  2 oozes (D:1)
  A worm (D:2)
  A dart slug (D:1)
  A leopard gecko (D:1)
  3 giant cockroaches (D:1)
  3 hobgoblins (D:1)
  2 jackals (D:2)
  A ball python (D:1)
  4 bats
  A goblin (D:2)
  5 kobolds (D:1)
  2 rats
26 creatures vanquished.

Notes
Turn   | Place    | Note
-------+----------+-------------------------------------------
     0 | D:1      | ErgoProxy the Gargoyle Earth Elementalist began the quest for the Orb.
     0 | D:1      | Reached XP level 1. HP: 10/10 MP: 3/3
   114 | D:1      | Reached skill level 4 in Earth Magic
   201 | D:1      | Reached XP level 2. HP: 13/15 MP: 1/5
   703 | D:1      | Reached skill level 5 in Earth Magic
   703 | D:1      | Reached XP level 3. HP: 17/19 MP: 4/6
   707 | D:1      | Learned a level 2 spell: Passwall
  1063 | D:2      | Found a glowing golden altar of the Shining One.
  1294 | D:2      | Slain by a jackal

Vault maps used:
D:1:      nicolae_arrival_memento_mori, roderic_roman_lattice,
          minmay_misc_feat_columns
D:2:      nicolae_gozag_seed_capital, tso_metal_star

Skill      XL: |  1  2 |
---------------+-------+-----
Earth Magic    | 4 5 |  5.3
Dodging        | |  1.5
Stealth        | |  2.1
Spellcasting   | |  2.0
Transmutations | |  0.7

Action                   || total
-------------------------++-------
Melee: Unarmed           ||   117
 Cast: Sandblast         ||    30
       Passwall          ||     3
 Stab: Sleeping          ||     3
  Eat: Chunk             ||     2
Armor: Robe              ||    75
Dodge: Dodged            ||   123
